 Dungeon Crawl Stone Soup version 0.31-a0-865-g3d5d91748a (webtiles) character file.

Game seed: 2626643812858787717

612579 Dirtsage the Peltast (level 27, -2/126 HPs)
             Began as an Octopode Shapeshifter on Oct 10, 2023.
             Was the Champion of Wu Jian.
             Killed from afar by a white draconian stormcaller (32 damage)
             ... on level 1 of the Realm of Zot.
             The game lasted 03:55:30 (53358 turns).

Dirtsage the Peltast (Octopode Shapeshifter)       Turns: 53358, Time: 03:55:31

Health: -2/126     AC:  9    Str: 27    XL:     27
Magic:  19/38      EV: 23    Int: 16    God:    Wu Jian [******]
Gold:   4922       SH: 39    Dex: 19    Spells: 39/49 levels left

rFire   + +          .
                       - Unarmed
rCold   + + +        H - +18 shield of the Gong {Loud rN+ Will+ rCorr EV-5}
rNeg    + + +        c - -2 hat of the Alchemist {rElec rPois rF+ rC+ rN+ Will+ rMut rCorr}
rPois   ∞            A - amulet of reflection
rElec   +            J - +4 ring of protection
rCorr   +            Q - ring "Konethiafy" {Contam Will+ Dex+6 Slay+2}
SInv    +            L - ring of Harmony {rF- rC++ Will+ Str+5}
Will    +++++        o - ring "Miyd" {rPois SInv}
Stlth   ++++++       m - ring of fire
HPRegen 0.41/turn    P - +5 ring of evasion
MPRegen 0.26/turn    E - +4 ring of protection
                     F - ring of protection from fire

%: reflection, resist mutation
@: about to teleport, death-form
A: vile attack, torment immunity, no potions, reduced hp, almost no armour,
amphibious, 8 rings, camouflage 1, gelatinous body 1, (nimble swimmer 1),
tentacles, iridescent scales 1, cold resistance 1
}: 5/15 runes: serpentine, barnacled, slimy, silver, abyssal
a: Siphon Essence, Begin Untransformation, Renounce Religion, Wall Jump,
Serpent's Lash, Heavenly Storm


You were on level 1 of the Realm of Zot.
You worshipped Wu Jian.
Wu Jian was exalted by your worship.
You were an undying horror.
You visited 12 branches of the dungeon, and saw 50 of its levels.
You visited the Abyss 1 time.
You also visited: Trove, Gauntlet and Ice Cave.

You collected 7641 gold pieces.
You spent 2719 gold pieces at shops.

Inventory:

Armour
 c - the -2 hat of the Alchemist (worn) {rElec rPois rF+ rC+ rN+ Will+ rMut rCorr}
   (You found it on level 13 of the Dungeon)

   rF+:       It protects you from fire.
   rC+:       It protects you from cold.
   rElec:     It insulates you from electricity.
   rPois:     It protects you from poison rN+: It protects you from negative
   energy.
   Will+:     It increases your willpower.
   rCorr:     It protects you from acid and corrosion.
   rMut:      It protects you from mutation.
 H - the +18 shield of the Gong (worn) {Loud rN+ Will+ rCorr EV-5}
   (You found it on level 1 of the Snake Pit)

   Loud:      It is deafeningly noisy when blocking attacks.
   EV-5:      It affects your evasion (-5).
   rN+:       It protects you from negative energy.
   Will+:     It increases your willpower.
   rCorr:     It protects you from acid and corrosion.
Jewellery
 b - a ring of willpower
 m - a ring of fire (on tentacle)
 o - the ring "Miyd" (on tentacle) {rPois SInv}
   (You bought it in a shop on level 2 of the Snake Pit)

   [ring of see invisible]

   rPois:     It protects you from poison SInv: It lets you see invisible.
 A - an amulet of reflection (around mantle)
 E - a +4 ring of protection (on tentacle)
 F - a ring of protection from fire (on tentacle)
 I - a ring of protection from cold
 J - a +4 ring of protection (left tentacle)
 L - the ring of Harmony (on tentacle) {rF- rC++ Will+ Str+5}
   (You found it in a Gauntlet)

   [ring of willpower]

   Str+5:     It affects your strength (+5).
   rF-:       It makes you vulnerable to fire.
   rC++:      It greatly protects you from cold.
   Will+:     It increases your willpower.
 P - a +5 ring of evasion (on tentacle)
 Q - the ring "Konethiafy" (right tentacle) {Contam Will+ Dex+6 Slay+2}
   (You found it in a Gauntlet)

   [ring of dexterity]

   Dex+6:     It affects your dexterity (+6).
   Slay+2:    It affects your accuracy & damage with ranged weapons and melee
   (+2).
   Will+:     It increases your willpower.
   Contam:    It causes magical contamination when unequipped.
 V - an amulet of regeneration
 W - a ring of wizardry
 Z - a ring of willpower
Talismans
 i - a talisman of death (active)
 p - a granite talisman
 v - a dragon-blood talisman
Wands
 r - a wand of paralysis (34)
 y - a wand of iceblast (40)
 D - a wand of digging (15)
 K - a wand of acid (63)
Scrolls
 e - 7 scrolls of immolation
 g - 7 scrolls of fear
 k - 8 scrolls of enchant armour
 t - 10 scrolls of teleportation
 u - 2 scrolls of butterflies
 B - 7 scrolls of blinking
 N - 3 scrolls of torment
 O - 6 scrolls of fog
 S - 6 scrolls of revelation
 U - 9 scrolls of poison
Potions
 a - 8 potions of lignification
 d - 7 potions of might
 f - 11 potions of brilliance
 h - 6 potions of haste
 l - 10 potions of heal wounds
 n - 5 potions of resistance
 q - 25 potions of curing
 s - 6 potions of mutation
 z - 3 potions of cancellation
 C - 5 potions of magic
 M - 6 potions of attraction
 R - 8 potions of enlightenment
 X - 5 potions of invisibility
 Y - 7 potions of ambrosia
Miscellaneous
 j - a box of beasts
 w - a phantom mirror
 x - a condenser vane
 G - a lightning rod (4/4)
 T - a phial of floods


   Skills:
 - Level 19.2 Fighting
 - Level 14.5 Dodging
 - Level 10.0 Stealth
 - Level 20.9 Shields
 - Level 20.5 Unarmed Combat
 - Level 11.9 Spellcasting
 - Level 4.6 Hexes
 - Level 8.3 Translocations
 - Level 5.7 Transmutations
 - Level 8.3 Air Magic
 - Level 17.9 Evocations
 + Level 19.3 Shapeshifting


You had 39 spell levels left.
You knew the following spells:

 Your Spells              Type           Power      Damage    Failure   Level
a - Jinxbite              Hex            48%        N/A       1%          2
b - Wereblood             Tmut           27%        N/A       1%          2
c - Vhi's Electric Charg  Tloc/Air       72%        N/A       3%          4
d - Lesser Beckoning      Tloc           72%        N/A       1%          2

Your spell library contained the following spells:

 Spells                   Type           Power      Damage    Failure   Level
 Apportation              Tloc           72%        N/A       1%          1
 Gell's Gravitas          Tloc           36%        N/A       1%          3
 Swiftness                Air            36%        N/A       1%          3
 Teleport Other           Tloc           36%        N/A       1%          3
 Sting                    Tmut/Pois      72%        1d6       2%          1
 Poisonous Vapours        Pois/Air       44%        N/A       2%          2
 Confusing Touch          Hex            24%        N/A       3%          3
 Manifold Assault         Tloc           36%        N/A       3%          4
 Cigotuvi's Dreadful Rot  Necr/Pois/Air  36%        N/A       4%          2
 Ensorcelled Hibernation  Hex/Ice        34%        N/A       4%          2
 Passwall                 Tmut/Erth      15%        N/A       4%          2
 Volatile Blastmotes      Fire/Tloc      68%        2d15      4%          3
 Foxfire                  Conj/Fire      56%        2x1d6     9%          1
 Freeze                   Ice            36%        1d5       9%          1
 Kiss of Death            Conj/Necr      36%        2d8       9%          1
 Necrotise                Necr           36%        1d5       9%          1
 Sandblast                Erth           18%        2d7       9%          1
 Summon Small Mammal      Summ           36%        N/A       9%          1
 Mephitic Cloud           Conj/Pois/Air  18%        N/A       9%          3
 Dazzling Flash           Conj/Hex       34%        N/A       10%         3
 Ignite Poison            Fire/Tmut/Pois 23%        N/A       12%         3
 Call Imp                 Summ           18%        N/A       14%         2
 Scorch                   Fire           28%        2d6       14%         2
 Silence                  Hex/Air        15%        N/A       17%         5
 Frozen Ramparts          Ice            18%        1d3       26%         3
 Stone Arrow              Conj/Erth      18%        3d8       26%         3
 Petrify                  Tmut/Erth      18%        N/A       26%         4
 Anguish                  Hex/Necr       8%         N/A       32%         4
 Dispersal                Tloc           18%        N/A       41%         6
 Alistair's Intoxication  Tmut/Pois      12%        N/A       58%         5
 Irradiate                Conj/Tmut      9%         3d14      58%         5
 Freezing Cloud           Conj/Ice/Air   9%         6-21      61%         5
 Animate Dead             Necr           9%         N/A       65%         4
 Brom's Barrelling Bould  Conj/Erth      9%         2d3       65%         4
 Dispel Undead            Necr           9%         3d8       65%         4
 Flame Wave               Conj/Fire      14%        2d6       65%         4
 Olgreb's Toxic Radiance  Pois           9%         N/A       65%         4
 Sticky Flame             Conj/Fire      14%        2d4       65%         4
 Summon Ice Beast         Ice/Summ       9%         N/A       65%         4
 Metabolic Englaciation   Hex/Ice        8%         N/A       67%         5
 Agony                    Necr           9%         N/A       94%         5
 Fireball                 Conj/Fire      7%         3d5       94%         5
 Iskenderun's Battlesphe  Conj           9%         2d6       94%         5
 Conjure Ball Lightning   Conj/Air       11%        3x3d6     94%         6
 Plasma Beam              Fire/Air       17%        2x1d28    94%         6
 Death Channel            Necr           4%         N/A       100%        6
 Simulacrum               Ice/Necr       4%         N/A       100%        6
 Starburst                Conj/Fire      7%         6d4       100%        6
 Summon Cactus Giant      Summ           4%         N/A       100%        6
 Haunt                    Necr/Summ      4%         N/A       100%        7
 Monstrous Menagerie      Summ           4%         N/A       100%        7
 Orb of Destruction       Conj           4%         9d5       100%        7
 Ozocubu's Refrigeration  Ice            4%         4d8       100%        7
 Discord                  Hex            12%        N/A       100%        8
 Disjunction              Tloc           18%        N/A       100%        8
 Ignition                 Fire           7%         3d4       100%        8
 Infestation              Necr           4%         N/A       100%        8
 Maxwell's Capacitive Co  Air            18%        ∞         100%        8
 Chain Lightning          Conj/Air       11%        3d14      100%        9
 Death's Door             Necr           4%         N/A       100%        9
 Dragon's Call            Summ           4%         N/A       100%        9
 Fire Storm               Conj/Fire      7%         8d2       100%        9
 Polar Vortex             Ice            4%         N/A       100%        9


Dungeon Overview and Level Annotations

Branches:
Dungeon (15/15)            Temple (1/1) D:7            Lair (5/5) D:11
 Shoals (4/4) Lair:3        Snake (4/4) Lair:3        Slime (5/5) Lair:4
    Orc (2/2) D:9             Elf (3/3) Orc:2        Vaults (5/5) D:13
  Crypt (0/3) Vaults:2     Depths (4/4) D:15           Hell (visited)
    Dis (0/7) Hell            Geh (0/7) Hell            Coc (0/7) Hell
    Tar (0/7) Hell            Zot (1/5) Depths:4      IceCv (visited)
Gauntlet (visited)

Altars:
Ashenzari
Cheibriados
Dithmenos
Elyvilon
Fedhas
Gozag
Hepliaklqana
Kikubaaqudgha
Makhleb
Nemelex Xobeh
Okawaru
Qazlal
Ru
Sif Muna
Trog
Uskayaw
Vehumet
Wu Jian
Xom
Yredelemnul
Zin
The Shining One

Shops:
D:4 (   D:6 *   D:11 ?   D:12 *   Orc:2 !([!   Elf:2 !?[:*   Snake:2 *=:
Snake:4 ==:   Vaults:1 *   Vaults:3 ?   Vaults:5 ([

Portals:
Hell: Depths:1 Depths:2 Depths:3 Depths:4
Abyss: Lair:3 Depths:1 Depths:3
Pandemonium: Depths:2
Ziggurat: Depths:1

Annotations:
D:4 1 runed translucent door, Crazy Yiuf
Lair:1 exclusion: 3 oklob plants
Lair:4 3 runed translucent doors, Okey's ghost, journeyman DDFi
Snake:3 Vashnia
Vaults:1 +7 demon trident trove


Innate Abilities, Weirdness & Mutations

You are an undying horror.
Your melee and unarmed attacks drain, slow and weaken victims.
You are immune to unholy pain and torment.
You cannot drink.
Your maximum health is decreased, since you lack skill for your form.
You are immune to poison.
You cannot wear most types of armour.
You are amphibious.
You can wear up to eight rings at the same time.
Your skin changes colour to match your surroundings (Stealth+).
Your rubbery body absorbs attacks. (AC +1, EV +1)
((You are camouflaged when in or above water. (Stealth+)))
You have tentacles for arms and can constrict up to eight enemies at once.
You are partially covered in iridescent scales. (AC +2)
Your flesh is cold resistant. (rC+)


Message History

You spin and attack the storm dragon.
You batter the storm dragon!!
You kill the storm dragon!
The Council accepts your kill.
The storm dragon scales are intact enough to wear.
A purple draconian shifter comes into view.
It is wielding a +0 long sword.
A white draconian comes into view. It is wielding a +0 mace.
Aiming: Dig
Press: ? - help, Shift-Dir - straight line The damaged grate falls apart.
The white draconian stormcaller calls down the wrath of Qazlal upon you.
The blast of ice hits you!! You partially resist.
You are encased in ice.
You hear a roar! x3
You take 18 damage, and have 93/126 hp.
You hear a roar!
You are ready to siphon essence again.
The purple draconian shifter breathes dispelling energy at you.
The bolt of dispelling energy misses you.
The white draconian stormcaller invokes the aid of Qazlal against you.
The cutting wind hits you!!
The purple draconian shifter breathes dispelling energy at you.
The bolt of dispelling energy misses you.
Okay, then.
You take 29 damage, and have 65/126 hp.
MASSIVE DAMAGE!!
The white draconian stormcaller prays to Qazlal.
The ice encasing you melts away.
The white draconian stormcaller mumbles some strange prayers to Qazlal against you.
The cutting wind hits you!!!
* * * LOW HITPOINT WARNING * * *
You take 37 damage, and have 29/126 hp.
MASSIVE DAMAGE!!
As you read the scroll of teleportation, it crumbles to dust.
You feel strangely unstable.
You feel the Orb delaying your translocation!
The rime drake breathes ice at you.
You block the icy flash freeze... and reflect it back!
GONNNNG!
The icy flash freeze misses the rime drake.
The white draconian stormcaller calls down the wrath of Qazlal upon you.
The blast of rubble hits you!!
You die...

#.~.#..........
###'##.......... ..
#............... ...
#......†........ ....
#............... ....#####
#...............
........###...............
........§...†..####.......
.........z.[...# ####....
........§...)..# #....
.......§..[....# #....
.......k.......# #....
....qd.........# #....
..........#.#..# #..^.
.....q....#....# #....
....#.#...##...# #....
......#........#


You could see a white draconian, a purple draconian shifter, a white draconian
stormcaller and a rime drake (summoned, catching breath).

Vanquished Creatures
  the Royal Jelly (Slime:5)
  An ancient lich (Vaults:5)
  2 juggernauts
  Sojobo (Depths:1)
  Margery (Vaults:4)
  Geryon (Hell)
  The ghost of Fush the Divine Blade, a veteran DgGl (Zot:1)
  Saint Roka (Orc:2)
  2 caustic shrikes (Depths:2)
  4 golden dragons
  Jory (Vaults:3)
  Nikola (Vaults:3)
  2 doom hounds (Depths:4)
  Rupert (D:15)
  Zenata (Vaults:1)
  2 liches (Depths:3)
  Jorgrun (D:12)
  8 tentacled monstrosities
  Grunn (Depths:4)
  2 quicksilver dragons (Vaults:5)
  3 deep elf blademasters
  2 deep elf master archers (Elf:3)
  A walking divine tome (Depths:4)
  22 acid blobs
  9 titans
  2 tentacled starspawn (Abyss:3)
  11 sphinxes
  A kraken (Shoals:3)
  A death cob (Zot:1)
  7 shadow dragons
  12 azure jellies
  Kirke (Snake:2)
  8 storm dragons
  A draconian knight (Depths:4)
  Donald (Orc:2)
  13 rockslimes
  14 nagarajas
  9 frost giants
  12 tengu reavers
  Roxanne (D:14)
  14 fire giants
  9 vault wardens
  3 deep elf sorcerers
  4 iron dragons
  A balrug (Hell)
  4 deep elf elementalists
  2 draconian scorchers
  4 reapers
  A spriggan defender (Depths:3)
  14 stone giants
  An angel (Abyss:3)
  2 ophanim (Abyss:3)
  9 quicksilver oozes
  16 ironbound preservers
  5 formless jellyfish
  6 war gargoyles
  11 ironbound thunderhulks
  2 black draconians (Depths:4)
  Azrael (D:15)
  A caustic shrike skeleton (Depths:3)
  33 very ugly things
  4 vampire knights
  6 yellow draconians (Depths:4)
  14 dire elephants
  3 lorocyprocas (Hell)
  An elemental wellspring (Hell)
  A purple draconian (Abyss:3)
  6 deep elf demonologists
  A minotaur (Gauntlet)
  6 starcursed masses (Abyss:3)
  A wendigo (Hell)
  10 deep elf death magi
  9 deep elf annihilators
  17 ettins
  The ghost of Vuwiesed the Slicer, a journeyman DsSh of Uskayaw (Lair:3)
  A blizzard demon (Hell)
  6 merfolk javelineers
  4 iron golems (Hell)
  11 fire dragons
  6 merfolk impalers
  Josephine (D:11)
  Fannar (Lair:3)
  8 rakshasas
  An ice dragon (shapeshifter) (Vaults:5)
  17 yaktaur captains
  3 entropy weavers
  12 great orbs of eyes
  31 vault guards
  2 salamander tyrants
  5 ice dragons
  7 deep elf high priests
  A hydra (shapeshifter) (Depths:3)
  A caustic shrike simulacrum (Hell)
  3 hell beasts (Hell)
  An ogre mage (D:13)
  4 peacekeepers
  3 merfolk avatars
  4 spriggan air magi
  8 ironbound frosthearts
  2 alligator snapping turtles
  9 hydras
  8 boulder beetles
  7 merfolk aquamancers
  3 catoblepae
  13 anacondas
  34 dancing weapons
  11 centaur warriors
  A death knight (D:15)
  Erica (Lair:1)
  A boulder beetle (shapeshifter) (Vaults:3)
  10 naga warriors
  6 two-headed ogres
  4 satyrs
  8 tengu warriors
  8 deep troll earth magi
  A death yak (shapeshifter) (Vaults:5)
  2 vampire magi
  16 naga sharpshooters
  An orc high priest (Orc:2)
  4 deep troll shamans
  6 spriggan berserkers
  28 hell knights
  8 hell hogs
  2 spriggans
  11 shock serpents
  16 deep elf knights
  10 sun demons
  2 wretched stars (Abyss:3)
  2 soul eaters
  8 iron trolls
  4 skysharks
  6 salamander mystics
  2 cherubim (Abyss:3)
  2 glowing orange brains
  19 sea snakes
  9 naga ritualists
  48 deep trolls
  17 deep elf archers
  A deep troll (shapeshifter) (Depths:2)
  A fenstrider witch simulacrum (Hell)
  A steelbarb worm (shapeshifter) (Elf:1)
  6 phantasmal warriors (Vaults:5)
  14 wizards
  28 deep elf pyromancers
  2 flayed ghosts (Depths:3)
  9 harpies
  29 deep elf zephyrmancers
  6 orc sorcerers
  5 lindwurms
  2 orc knights (Orc:2)
  6 mana vipers
  20 ironbound convokers
  16 necromancers
  A wolf spider (D:15)
  19 fauns
  A cyclops (shapeshifter) (D:13)
  An elephant (shapeshifter) (Depths:1)
  15 manticores
  8 cyclopes
  A worldbinder (Lair:3)
  19 salamanders
  A shining eye (shapeshifter) (Vaults:5)
  8 shining eyes
  64 ugly things
  2 elephants (Lair:2)
  6 water nymphs
  6 molten gargoyles
  A moth of wrath (Zot:1)
  A water nymph (shapeshifter) (Vaults:5)
  8 merfolk sirens
  Maurice (D:11)
  7 rust devils (Hell)
  17 naga magi
  39 black mambas
  A gargoyle (D:12)
  3 guardian serpents
  2 eyes of devastation
  A naga zombie (Hell)
  2 centaur zombies (Hell)
  18 vault sentinels
  10 smoke demons
  2 ice statues (IceCv)
  6 unseen horrors
  3 hellions
  17 cane toads
  A bunyip simulacrum (Hell)
  4 rime drakes
  11 komodo dragons
  26 yaktaurs
  4 kobold demonologists
  6 ice devils (IceCv)
  2 freezing wraiths
  An ancient zyme (Abyss:3)
  3 efreet
  4 anaconda simulacra (IceCv)
  6 tengu conjurers
  A queen bee (Orc:1)
  An alligator snapping turtle skeleton (Hell)
  A troll (shapeshifter) (D:13)
  7 hornets
  A hydra zombie (Hell)
  27 merfolk
  A polar bear (Lair:4)
  8 wind drakes
  6 trolls
  A hornet (shapeshifter) (Vaults:5)
  14 blink frogs
  A raiju (Lair:3)
  A wind drake (shapeshifter) (Vaults:5)
  7 snapping turtles
  4 dream sheep (Shoals:3)
  A blink frog (shapeshifter) (Elf:1)
  A vampire (D:12)
  Sigmund (D:5)
  2 jumping spiders
  110 slime creatures
  An air elemental (Elf:1)
  A wyvern (shapeshifter) (Vaults:3)
  A fire dragon skeleton (Hell)
  3 hogs (Snake:2)
  4 basilisks
  A yak (shapeshifter) (D:13)
  2 shadows
  2 humans (shapeshifter) (Vaults:5)
  6 wraiths
  A hog (shapeshifter) (D:15)
  22 water elementals
  61 yaks
  6 wyverns
  2 dire elephant simulacra
  A steam dragon (D:8)
  3 chaos spawn (Depths:1)
  A neqoxec (Abyss:3)
  8 golden eyes (Slime:5)
  3 redbacks
  19 humans (D:13)
  6 fire elementals
  6 wargs
  3 acid dragons
  45 nagas
  3 harpy simulacra (IceCv)
  5 large abominations
  4 floating eyes
  13 hell hounds
  2 hydra simulacra (IceCv)
  13 water moccasins
  2 floating eyes (shapeshifter)
  A swamp drake (shapeshifter) (Depths:3)
  An ice beast (D:6)
  45 orc warriors
  4 ogres
  A black bear (Lair:1)
  An ice beast (shapeshifter) (Vaults:3)
  A fire dragon simulacrum (Hell)
  An ettin simulacrum (Hell)
  A centaur (shapeshifter) (D:13)
  16 wolves
  7 centaurs
  7 kobold brigands
  10 bullfrogs
  8 scorpions
  3 earth elementals
  A gnoll sergeant (D:9)
  6 wights
  27 killer bees
  An elephant simulacrum (IceCv)
  5 spriggan skeletons (D:9)
  2 howler monkeys
  A troll skeleton (D:9)
  3 jellies
  7 electric eels
  5 lava snakes (Lair:5)
  10 small abominations
  11 hounds
  31 orc priests
  A sleepcap (D:5)
  Natasha (twice) (D:4)
  5 iguanas
  30 orc wizards
  21 hell rats
  A spriggan simulacrum (IceCv)
  5 gnolls (D:9)
  10 adders
  A naga simulacrum (IceCv)
  A shadow imp (D:5)
  4 white imps
  2 ufetubi (D:5)
  3 worms
  2 dart slugs (D:3)
  131 orcs
  6 ball pythons
  A bat (shapeshifter) (D:15)
  4 bats
  4 endoplasms
  4 giant cockroaches
  10 goblins
  6 hobgoblins
  36 kobolds
  2 quokkas
  5 frilled lizards
  4 rats
  A starspawn tentacle (Abyss:3)
  A tentacle (Shoals:3)
2351 creatures vanquished.

Vanquished Creatures (others)
  A revenant (Hell)
  A frost giant (Vaults:5)
  A very ugly thing (Depths:3)
  2 deep elf knights
  A sea snake (Shoals:3)
  A manticore (D:15)
  A black mamba (Snake:4)
  An unseen horror (D:13)
  A freezing wraith (Vaults:5)
  A water elemental (Elf:1)
  A centaur simulacrum (D:15)
  3 humans (Snake:2)
  3 orcs
  A kobold (D:11)
  4 starspawn tentacles (Abyss:3)
  3 tentacles (Shoals:3)
26 creatures vanquished.

Grand Total: 2377 creatures vanquished

Notes
Turn   | Place    | Note
-------+----------+-------------------------------------------
     0 | D:1      | Dirtsage the Octopode Shapeshifter began the quest for the
                  | Orb.
     0 | D:1      | Reached XP level 1. HP: 13/13 MP: 1/1
   166 | D:1      | Reached XP level 2. HP: 18/18 MP: 2/2
   532 | D:2      | Reached XP level 3. HP: 23/23 MP: 3/3
   700 | D:2      | Reached XP level 4. HP: 24/29 MP: 4/4
   780 | D:2      | Found a hazy altar of Hepliaklqana.
  1239 | D:3      | Found a sacrificial altar of Ru.
  1594 | D:4      | Found an opulent altar of Gozag.
  1602 | D:4      | Reached XP level 5. HP: 34/34 MP: 5/5
  1612 | D:4      | Found a basalt altar of Yredelemnul.
  1729 | D:4      | Reached XP level 6. HP: 33/41 MP: 6/6
  2032 | D:4      | Found Ukhlad Ladgheo's Antique Weapon Shop.
  2207 | D:4      | Noticed Natasha
  2216 | D:4      | Killed Natasha
  2217 | D:4      | Reached skill level 5 in Unarmed Combat
  2300 | D:4      | Found a runed translucent door.
  2301 | D:4      | Noticed Crazy Yiuf
  2364 | D:4      | Noticed Natasha
  2370 | D:4      | Killed Natasha
  2488 | D:5      | Entered Level 5 of the Dungeon
  2501 | D:5      | Reached skill level 5 in Shapeshifting
  2501 | D:5      | Reached XP level 7. HP: 7/46 MP: 7/7
  2825 | D:5      | Found a sparkling altar of Nemelex Xobeh.
  2933 | D:5      | Noticed Sigmund
  2940 | D:5      | Killed Sigmund
  2941 | D:5      | Reached skill level 1 in Evocations
  3158 | D:5      | Reached XP level 8. HP: 42/54 MP: 8/8
  3626 | D:5      | HP: 1/54 [acid dragon (2)]
  3823 | D:5      | Got a vibrating book
  3967 | D:6      | Found Fogharphu's Lightly-Used Armoury.
  4145 | D:6      | Noticed a two-headed ogre
  4161 | D:6      | Killed a two-headed ogre
  4162 | D:6      | Reached XP level 9. HP: 18/60 MP: 9/9
  4477 | D:6      | Reached skill level 5 in Fighting
  4597 | D:6      | Found a glowing golden altar of the Shining One.
  4762 | D:6      | Found a glowing silver altar of Zin.
  4762 | D:6      | Found a white marble altar of Elyvilon.
  4763 | D:6      | Found a radiant altar of Vehumet.
  4895 | D:7      | Found a bloodstained altar of Trog.
  4960 | D:7      | Found a staircase to the Ecumenical Temple.
  4972 | Temple   | Entered the Ecumenical Temple
  4982 | Temple   | Became a worshipper of the Wu Jian Council
  5465 | D:7      | Noticed a deep elf pyromancer
  5468 | D:7      | Killed a deep elf pyromancer
  5469 | D:7      | Reached XP level 10. HP: 68/68 MP: 10/10
  5566 | D:7      | Noticed an unseen horror
  5704 | D:7      | Reached * piety under Wu Jian
  5816 | D:7      | Killed an unseen horror
  5998 | D:7      | Reached skill level 10 in Unarmed Combat
  6001 | D:7      | Noticed an unseen horror
  6003 | D:7      | Killed an unseen horror
  6548 | D:8      | Noticed a two-headed ogre
  6556 | D:8      | Killed a two-headed ogre
  6557 | D:8      | Reached XP level 11. HP: 43/75 MP: 11/11
  6950 | D:8      | Reached ** piety under Wu Jian
  7214 | D:9      | Noticed a two-headed ogre
  7227 | D:9      | Killed a two-headed ogre
  7228 | D:9      | Reached skill level 10 in Shapeshifting
  7240 | D:9      | HP: 3/75 [orc warrior/+0 halberd (17)]
  8000 | D:9      | Found a staircase to the Orcish Mines.
  8637 | D:10     | Entered Level 10 of the Dungeon
  8732 | D:10     | Reached *** piety under Wu Jian
  9105 | D:10     | Found a shimmering blue altar of Sif Muna.
  9583 | D:10     | Identified the +3 ring mail of Prudence {+Inv Regen+ Str-2
                  | Slay-4}
 10008 | D:11     | Noticed Maurice
 10008 | D:11     | Noticed a white ugly thing
 10122 | D:11     | Killed a white ugly thing
 10123 | D:11     | Reached skill level 1 in Spellcasting
 10123 | D:11     | Reached XP level 12. HP: 60/84 MP: 13/13
 10132 | D:11     | Maurice stole a flux talisman
 10133 | D:11     | Killed Maurice
 10482 | D:11     | Learned a level 2 spell: Jinxbite
 10492 | D:11     | Found Huwiac's Magic Scroll Shoppe.
 10512 | D:11     | Bought a scroll of teleportation for 36 gold pieces
 10512 | D:11     | Bought a scroll of blinking for 90 gold pieces
 10512 | D:11     | Bought a scroll of identify for 24 gold pieces
 10512 | D:11     | Bought a scroll of teleportation for 36 gold pieces
 10512 | D:11     | Bought a scroll of identify for 24 gold pieces
 10512 | D:11     | Bought a scroll of fear for 48 gold pieces
 10512 | D:11     | Bought a scroll of fear for 48 gold pieces
 10723 | D:11     | Reached skill level 1 in Hexes
 10786 | D:11     | Found a staircase to the Lair.
 10906 | D:11     | Reached **** piety under Wu Jian
 10942 | D:11     | Noticed Josephine
 11088 | D:11     | Killed Josephine
 11331 | D:11     | Found a bloodstained altar of Trog.
 11435 | D:11     | Found a burning altar of Makhleb.
 11435 | D:11     | Found an ornate altar of the Wu Jian Council.
 11437 | D:11     | Found a shimmering altar of Xom.
 11437 | D:11     | Found a hazy altar of Hepliaklqana.
 11437 | D:11     | Found an ancient bone altar of Kikubaaqudgha.
 11491 | Lair:1   | Entered Level 1 of the Lair of Beasts
 11577 | Lair:1   | Reached skill level 5 in Dodging
 11621 | Lair:1   | Noticed Erica
 11929 | Lair:1   | Paralysed by a floating eye for 3 turns
 11933 | Lair:1   | Paralysed by a floating eye for 3 turns
 12010 | Lair:1   | Killed Erica
 13042 | Lair:2   | Identified the +4 orcbow "Somixoyr" {speed, Int+3}
 13050 | Lair:2   | Reached ***** piety under Wu Jian
 13168 | Lair:2   | Noticed a four-headed hydra
 13182 | Lair:2   | Killed a four-headed hydra
 13183 | Lair:2   | Reached skill level 10 in Fighting
 13183 | Lair:2   | Reached XP level 13. HP: 85/92 MP: 20/20
 13269 | Lair:2   | Reached skill level 5 in Evocations
 14102 | Lair:3   | Found a gate leading to a gauntlet.
 14111 | Gauntlet | Entered a Gauntlet
 14111 | Gauntlet | Found a transporter.
 14111 | Gauntlet | Found a transporter.
 14121 | Gauntlet | Found a transporter.
 14127 | Gauntlet | Found a transporter.
 14136 | Gauntlet | Found a transporter.
 14147 | Gauntlet | Found a transporter.
 14202 | Gauntlet | Found a transporter.
 14221 | Gauntlet | Found a transporter.
 14233 | Gauntlet | Found a transporter.
 14234 | Gauntlet | Found a transporter.
 14254 | Gauntlet | Found a transporter.
 14290 | Gauntlet | Found a transporter.
 14324 | Gauntlet | Paralysed by a hornet for 3 turns
 14543 | Gauntlet | Identified the ring of Harmony {rF- rC++ Will+ Str+5}
 14762 | Gauntlet | Identified the ring "Konethiafy" {Contam Will+ Dex+6
                  | Slay+2}
 14795 | Gauntlet | Identified the +2 mace of Superiority {vamp, Fragile Str+3
                  | Stlth+}
 14795 | Gauntlet | Noticed a minotaur
 14802 | Gauntlet | Killed a minotaur
 14850 | Gauntlet | Found the +8 longbow "Zephyr" {speed, Dex+3 SInv}
 15038 | Lair:3   | Found a staircase to the Snake Pit.
 15157 | Lair:3   | Found an opulent altar of Gozag.
 15241 | Lair:3   | Found a one-way gate to the infinite horrors of the Abyss.
 15241 | Lair:3   | Noticed Vuwiesed's ghost (journeyman DsSh)
 15278 | Lair:3   | Noticed Fannar
 15285 | Lair:3   | Killed Fannar
 15483 | Lair:3   | Found a transporter.
 15497 | Lair:3   | Found a transporter.
 15507 | Lair:3   | Found a staircase to the Shoals.
 15629 | Lair:3   | Reached skill level 1 in Stealth
 15909 | Lair:3   | Noticed a rakshasa
 16264 | Lair:4   | Found a runed translucent gate.
 16266 | Lair:4   | Found a runed translucent gate.
 16266 | Lair:4   | Found a runed translucent gate.
 16267 | Lair:4   | Noticed Okey's ghost (journeyman DDFi)
 16402 | Lair:4   | Found a staircase to the Slime Pits.
 16830 | Lair:5   | Entered Level 5 of the Lair of Beasts
 17217 | Lair:5   | Reached skill level 5 in Stealth
 17233 | Lair:5   | Reached XP level 14. HP: 99/99 MP: 21/21
 17269 | Lair:5   | Identified the +9 morningstar of the Twelve Quests
                  | {antimagic, rElec rN+ Str-5}
 17443 | Lair:5   | Found a large runed translucent door.
 17878 | Lair:5   | Found a large runed translucent door.
 17931 | Lair:5   | Reached ****** piety under Wu Jian
 18595 | Orc:1    | Entered Level 1 of the Orcish Mines
 18671 | Orc:1    | Found a bloodstained altar of Trog.
 18976 | Orc:2    | Entered Level 2 of the Orcish Mines
 19086 | Orc:2    | Noticed Donald
 19090 | Orc:2    | Noticed Saint Roka
 19102 | Orc:2    | Killed Donald
 19120 | Orc:2    | Killed Saint Roka
 19127 | Orc:2    | Reached XP level 15. HP: 102/108 MP: 22/22
 19135 | Orc:2    | Reached skill level 10 in Stealth
 19384 | Orc:2    | Found Wohed's Distillery.
 19589 | Orc:2    | Found a staircase to the Elven Halls.
 19663 | Orc:2    | Found Boudweih's Distillery.
 19668 | Orc:2    | Bought a potion of curing for 51 gold pieces
 19668 | Orc:2    | Bought a potion of curing for 51 gold pieces
 19668 | Orc:2    | Bought a potion of curing for 51 gold pieces
 19706 | Orc:2    | Found Qifi's Antique Weapon Boutique.
 19708 | Orc:2    | Found Jomuch's Antique Armour Shop.
 19769 | Orc:2    | Bought a potion of invisibility for 120 gold pieces
 19769 | Orc:2    | Bought a potion of resistance for 150 gold pieces
 19769 | Orc:2    | Bought a potion of might for 60 gold pieces
 19769 | Orc:2    | Bought a potion of heal wounds for 75 gold pieces
 19807 | Orc:2    | Bought a potion of haste for 170 gold pieces
 19970 | D:12     | Noticed Jorgrun
 19982 | D:12     | Killed Jorgrun
 20117 | D:12     | Found a frozen archway.
 20136 | IceCv    | Entered an ice cave
 20710 | D:12     | Found Yteera's Assorted Antiques.
 21282 | D:13     | Saving game... please wait.
 21472 | D:13     | Saving game... please wait.
 21533 | D:13     | Found a gate to the Vaults.
 21961 | D:13     | Identified the +1 robe "Wacvod" {rC- Str+6 Int+3 Slay-3}
 22089 | D:13     | Reached XP level 16. HP: 64/114 MP: 23/23
 22366 | D:13     | Found the -2 hat of the Alchemist {rElec rPois rF+ rC+ rN+
                  | Will+ rMut rCorr}
 22565 | D:14     | Noticed Roxanne
 22573 | D:14     | Killed Roxanne
 22652 | D:14     | Reached skill level 15 in Shapeshifting
 22886 | D:14     | You fall into a shaft and drop 1 floor!
 22886 | D:15     | Entered Level 15 of the Dungeon
 22972 | D:15     | Noticed Rupert
 22973 | D:15     | Found an iron altar of Okawaru.
 22991 | D:15     | Noticed Azrael
 23003 | D:15     | Killed Azrael
 23133 | Snake:1  | Entered Level 1 of the Snake Pit
 23323 | Snake:1  | Found the +18 shield of the Gong {Loud rN+ Will+ rCorr
                  | EV-5}
 24463 | Snake:2  | Found a snail-covered altar of Cheibriados.
 24522 | Snake:2  | Found Ezyhec's Book Shop.
 24522 | Snake:2  | Found Lanlanu's Jewellery Boutique.
 24526 | Snake:2  | Found Sieweett's General Store.
 24532 | Snake:2  | Bought the ring "Miyd" {rPois SInv} for 288 gold pieces
 24541 | Snake:2  | Noticed a nagaraja
 24556 | Snake:2  | Noticed Kirke
 24564 | Snake:2  | Killed Kirke
 24566 | Snake:2  | Noticed a nagaraja
 24568 | Snake:2  | Killed a nagaraja
 24572 | Snake:2  | Noticed a nagaraja
 24572 | Snake:2  | Killed a nagaraja
 24574 | Snake:2  | Killed a nagaraja
 24580 | Snake:2  | Reached XP level 17. HP: 119/119 MP: 24/24
 24931 | Snake:3  | Noticed Vashnia
 25364 | Snake:3  | Reached skill level 5 in Spellcasting
 25780 | Snake:3  | Reached skill level 1 in Translocations
 25780 | Snake:3  | Reached skill level 1 in Air Magic
 26147 | Snake:4  | Entered Level 4 of the Snake Pit
 26261 | Snake:4  | Reached skill level 10 in Dodging
 26581 | Snake:4  | Learned a level 2 spell: Wereblood
 26612 | Snake:4  | Found Towui's Jewellery Emporium.
 26613 | Snake:4  | Found Zorothrei's Book Boutique.
 26614 | Snake:4  | Found Ceqona Jene's Jewellery Emporium.
 26670 | Snake:4  | Reached skill level 1 in Transmutations
 26674 | Snake:4  | Reached XP level 18. HP: 127/127 MP: 26/26
 27017 | Snake:4  | Reached skill level 5 in Translocations
 27165 | Snake:4  | Got a serpentine rune of Zot
 27253 | Snake:4  | Reached skill level 5 in Air Magic
 27650 | Abyss:3  | Cast into level 3 of the Abyss (spriggan rider)
 27836 | Abyss:3  | Found a glowing golden altar of the Shining One.
 27858 | Abyss:3  | Noticed a juggernaut
 27865 | Abyss:3  | Killed a juggernaut
 27879 | Abyss:3  | Got an abyssal rune of Zot
 27929 | Lair:3   | Escaped the Abyss
 28284 | Lair:3   | Killed Vuwiesed's ghost
 28395 | Lair:3   | Got Lugonu's Anthology of the Excursion
 28460 | Shoals:1 | Entered Level 1 of the Shoals
 28895 | Shoals:1 | Reached skill level 5 in Transmutations
 29422 | Shoals:1 | Reached XP level 19. HP: 134/134 MP: 28/28
 29429 | Shoals:1 | HP: 8/201 [merfolk javelineer/javelin (10)]
 30824 | Shoals:1 | Learned a level 4 spell: Vhi's Electric Charge
 30952 | Shoals:2 | Reached skill level 1 in Shields
 32368 | Shoals:4 | Entered Level 4 of the Shoals
 32628 | Shoals:4 | HP: 7/174 [barbs]
 33206 | Shoals:4 | Reached skill level 5 in Shields
 33281 | Shoals:4 | Reached skill level 15 in Unarmed Combat
 33429 | Shoals:4 | Identified the +10 mace "Berivis" {elec, rN+ rCorr Str+2}
 33455 | Shoals:4 | Got a barnacled rune of Zot
 33999 | Vaults:1 | Entered Level 1 of the Vaults
 34009 | Vaults:1 | Noticed Zenata
 34138 | Vaults:1 | Killed Zenata
 34311 | Vaults:1 | Identified the +1 robe of the Sunfish {rPois rF+ Regen+}
 34352 | Vaults:1 | Found Kupaosam's Assorted Antiques.
 34360 | Vaults:1 | Reached XP level 20. HP: 140/140 MP: 32/32
 34514 | Vaults:1 | Found a portal to a secret trove of treasure.
 35611 | Vaults:2 | Reached skill level 10 in Evocations
 35886 | Vaults:2 | Found a staircase to the Crypt.
 36056 | Vaults:2 | Noticed a golden dragon
 36063 | Vaults:2 | Killed a golden dragon
 36966 | Vaults:3 | Reached skill level 10 in Shields
 36973 | Vaults:3 | Reached XP level 21. HP: 111/148 MP: 33/33
 37403 | Vaults:3 | Noticed Jory
 37417 | Vaults:3 | Killed Jory
 37500 | Vaults:3 | Found Yrhi's Magic Scroll Emporium.
 37508 | Vaults:3 | Bought a scroll of blinking for 112 gold pieces
 37508 | Vaults:3 | Bought a scroll of enchant weapon for 112 gold pieces
 37614 | Vaults:3 | Noticed Nikola
 37625 | Vaults:3 | Killed Nikola
 38017 | Vaults:4 | Noticed Margery
 38034 | Vaults:4 | Killed Margery
 38364 | Vaults:4 | Identified the +0 ring mail "Qenuejunou" {Regen+}
 39565 | Elf:1    | Entered Level 1 of the Elven Halls
 39619 | Elf:1    | Reached skill level 15 in Fighting
 40015 | Elf:1    | Reached XP level 22. HP: 155/157 MP: 20/34
 40105 | Elf:1    | Found a runed translucent gate.
 40105 | Elf:1    | Found a runed translucent gate.
 40105 | Elf:1    | Found a runed translucent gate.
 40105 | Elf:1    | Found a runed translucent gate.
 40105 | Elf:1    | Found a runed translucent gate.
 40106 | Elf:1    | Found a runed translucent gate.
 40248 | Elf:1    | Saving game... please wait.
 40594 | Elf:2    | Found Goduquck's Book Shop.
 40741 | Elf:2    | Found Conlyfir's Antique Armour Emporium.
 40747 | Elf:2    | Found Suom's Magic Scroll Shop.
 40755 | Elf:2    | Bought a scroll of acquirement for 832 gold pieces
 40755 | Elf:2    | Acquired 595 gold pieces
 40762 | Elf:2    | Identified the +4 trident of the Yoke {venom, rElec rN+
                  | Int-3}
 40790 | Elf:2    | Found Moac's Distillery.
 40909 | Elf:2    | Found a runed translucent gate.
 40910 | Elf:2    | Found a runed translucent gate.
 40910 | Elf:2    | Found a runed translucent gate.
 40934 | Elf:2    | Found Camial's Assorted Antiques.
 41525 | Elf:3    | Entered Level 3 of the Elven Halls
 41659 | Elf:3    | Identified the +3 leather armour of Tenacity {rF- rN++
                  | Int+3 Dex+2}
 42010 | Elf:3    | Identified the +1 halberd of the Gloaming {drain, rN+}
 42366 | Elf:3    | Identified the amulet "Poyr" {Acrobat Str+3}
 42474 | Elf:3    | Identified the +3 crystal plate armour "Zewa" {+Blink
                  | rPois}
 42489 | Elf:3    | Identified the staff of the Protecting Gods {rCorr Str+3
                  | Int+4 Stlth+ Earth}
 42493 | Elf:3    | Got a gaudy book
 42514 | Elf:3    | Identified the +2 plate armour "Sudof" {rC+ Dex+3}
 43029 | Vaults:5 | Entered Level 5 of the Vaults
 43042 | Vaults:5 | Reached skill level 15 in Shields
 43045 | Vaults:5 | Reached XP level 23. HP: 162/165 MP: 29/35
 43045 | Vaults:5 | Noticed an ancient lich
 43074 | Vaults:5 | Killed an ancient lich
 43164 | Vaults:5 | Identified the +4 scimitar of the Unkillable {vamp, Contam
                  | Int+6 Dex+6}
 43176 | Vaults:5 | Found Uhieg's Armour Shop.
 43339 | Vaults:5 | Identified the staff "Duwk" {rElec rPois rC+ rN+ Str+4
                  | Int-5 Necro}
 43343 | Vaults:5 | Got a vibrant book
 43345 | Vaults:5 | Identified the +10 great sword "Newtbane" {drain, *Rage
                  | rCorr SInv}
 43552 | Vaults:5 | Got a silver rune of Zot
 43595 | Vaults:5 | Gained mutation: Your body sometimes deteriorates upon
                  | taking damage. [a shining eye]
 43761 | Vaults:5 | Identified the +1 hand axe of Hubris {venom, rElec}
 43848 | Vaults:5 | Found Waulotef's Antique Weapon Shoppe.
 43906 | Vaults:5 | Identified the staff "Soygapni" {rPois Dex+3 Earth}
 43927 | Vaults:5 | Got an uncut book
 44297 | Vaults:5 | Learned a level 2 spell: Lesser Beckoning
 44302 | Vaults:5 | Lost mutation: Your body sometimes deteriorates upon taking
                  | damage. [potion of mutation]
 44302 | Vaults:5 | Gained mutation: Your spells are a little harder to cast,
                  | but a little more powerful. [potion of mutation]
 44303 | Vaults:5 | Lost mutation: Your spells are a little harder to cast, but
                  | a little more powerful. [potion of mutation]
 44303 | Vaults:5 | Gained mutation: You expend magic power (3 MP) to
                  | strengthen your wands. [potion of mutation]
 44303 | Vaults:5 | Gained mutation: Your spells are a little harder to cast,
                  | but a little more powerful. [potion of mutation]
 44303 | Vaults:5 | Gained mutation: You are agile. (Dex +4, Str/Int -1)
                  | [potion of mutation]
 44304 | Vaults:5 | Lost mutation: You are agile. (Dex +4, Str/Int -1) [potion
                  | of mutation]
 44304 | Vaults:5 | Lost mutation: You expend magic power (3 MP) to strengthen
                  | your wands. [potion of mutation]
 44304 | Vaults:5 | Gained mutation: You are agile. (Dex +4, Str/Int -1)
                  | [potion of mutation]
 44304 | Vaults:5 | Gained mutation: You occasionally shout uncontrollably at
                  | your foes. [potion of mutation]
 44304 | Vaults:5 | Gained mutation: You expend magic power (3 MP) to
                  | strengthen your wands. [potion of mutation]
 44305 | Vaults:5 | Lost mutation: You are agile. (Dex +4, Str/Int -1) [potion
                  | of mutation]
 44305 | Vaults:5 | Lost mutation: Your spells are a little harder to cast, but
                  | a little more powerful. [potion of mutation]
 44305 | Vaults:5 | Lost mutation: You expend magic power (3 MP) to strengthen
                  | your wands. [potion of mutation]
 44305 | Vaults:5 | Gained mutation: You have hidden genetic defects. [potion
                  | of mutation]
 44306 | Vaults:5 | Lost mutation: You have hidden genetic defects. [potion of
                  | mutation]
 44306 | Vaults:5 | Lost mutation: You occasionally shout uncontrollably at
                  | your foes. [potion of mutation]
 44306 | Vaults:5 | Gained mutation: You are occasionally teleported next to
                  | monsters. [potion of mutation]
 44307 | Vaults:5 | Lost mutation: You are occasionally teleported next to
                  | monsters. [potion of mutation]
 44307 | Vaults:5 | Gained mutation: You are partially covered in iridescent
                  | scales. (AC +2) [potion of mutation]
 44307 | Vaults:5 | Gained mutation: You are frail. (-10% HP) [potion of
                  | mutation]
 44307 | Vaults:5 | Gained mutation: You are mostly covered in iridescent
                  | scales. (AC +4) [potion of mutation]
 44308 | Vaults:5 | Lost mutation: You are frail. (-10% HP) [potion of
                  | mutation]
 44308 | Vaults:5 | Lost mutation: You are mostly covered in iridescent scales.
                  | (AC +4) [potion of mutation]
 44308 | Vaults:5 | Gained mutation: You are robust. (+10% HP) [potion of
                  | mutation]
 44308 | Vaults:5 | Gained mutation: Your flesh is cold resistant. (rC+)
                  | [potion of mutation]
 44606 | Slime:1  | Entered Level 1 of the Pits of Slime
 44608 | Slime:1  | Reached skill level 15 in Evocations
 44619 | Slime:1  | Reached XP level 24. HP: 190/190 MP: 35/35
 44749 | Slime:2  | Lost mutation: You are robust. (+10% HP) [a shining eye]
 45040 | Slime:5  | Entered Level 5 of the Pits of Slime
 45097 | Slime:5  | Noticed the Royal Jelly
 45102 | Slime:5  | Killed the Royal Jelly
 45274 | Slime:5  | Identified the staff "Anudien" {+Blink rPois Will+ rCorr
                  | Poison}
 45293 | Slime:5  | Identified the +6 dire flail "Dosuzep" {protect, +Blink rC+
                  | Str+4}
 45301 | Slime:5  | Got a conspicuous book
 45303 | Slime:5  | Got a slimy rune of Zot
 45304 | Slime:5  | Identified the staff of Arrival {*Corrode rF+ Str+5 Earth}
 45329 | Slime:5  | Identified the staff of a Gauntlet {Contam rElec rC+ Dex+2
                  | Ice}
 45332 | Slime:5  | Identified the +4 giant spiked club of the Evil Eye
                  | {antimagic, Will+ rCorr}
 45799 | Elf:2    | Bought a potion of heal wounds for 85 gold pieces
 45799 | Elf:2    | Bought a potion of mutation for 136 gold pieces
 45811 | Elf:2    | Bought a scroll of blinking for 120 gold pieces
 46401 | D:15     | Killed Rupert
 46492 | D:15     | Found a stormy altar of Qazlal.
 47148 | D:15     | Found a staircase to the Depths.
 47298 | Depths:1 | Entered Level 1 of the Depths
 47336 | Depths:1 | Found a sparkling altar of Nemelex Xobeh.
 47511 | Vaults:1 | You paid a toll of a +7 demon trident to enter a treasure
                  | trove
 47512 | Trove    | Entered a treasure trove
 47936 | Depths:1 | Reached XP level 25. HP: 162/182 MP: 35/36
 47949 | Depths:1 | Noticed Sojobo
 47953 | Depths:1 | Killed Sojobo
 48089 | Depths:1 | Found a gateway to Hell.
 48202 | Depths:1 | Found a one-way gateway to a ziggurat.
 48719 | Hell     | Entered the Vestibule of Hell
 48719 | Hell     | Noticed Geryon
 48766 | Hell     | Killed Geryon
 48770 | Hell     | Reached skill level 10 in Spellcasting
 48802 | Hell     | Found a gateway to the ashen valley of Gehenna.
 49344 | Hell     | Found a gateway to the freezing wastes of Cocytus.
 49439 | Hell     | Found a gateway to the Iron City of Dis.
 49548 | Hell     | Found a gateway to the decaying netherworld of Tartarus.
 50570 | Depths:2 | Found a one-way gate leading to the halls of Pandemonium.
 50633 | Depths:3 | Reached XP level 26. HP: 191/191 MP: 37/37
 51559 | Depths:3 | Got an embossed book
 51649 | Depths:3 | Noticed a juggernaut
 51651 | Depths:3 | Killed a juggernaut
 51911 | Depths:3 | Identified the +5 battleaxe of Gagesot {flame, rPois Str+3}
 51995 | Depths:3 | Got a black book
 52228 | Depths:4 | Entered Level 4 of the Depths
 52242 | Depths:4 | Noticed Grunn
 52249 | Depths:4 | Killed Grunn
 52808 | Depths:4 | Found a gate to the Realm of Zot.
 53175 | Zot:1    | Entered Level 1 of the Realm of Zot
 53225 | Zot:1    | Found a runed translucent door.
 53226 | Zot:1    | Noticed Fush's ghost (veteran DgGl)
 53253 | Zot:1    | Killed Fush's ghost
 53344 | Zot:1    | Reached XP level 27. HP: 94/199 MP: 34/38
 53358 | Zot:1    | Killed from afar by a white draconian stormcaller

Illustrated notes

Levels and vault maps discovered:
D:1:      dpeg_arrival_refuge, layout_basic
D:2:      layout_rooms, basic_altar
D:3:      layout_rooms, mainiacjoe_overflow_catwalk, minmay_misc_feat_hallway
D:4:      layout_basic, jmf_multi_god_temple, serial_shops, shop,
          uniq_crazy_yiuf_cottage, uniq_natasha
D:5:      minmay_clustersquares, layout_loops_ring,
          lemuel_coloured_pillars_altar, amcnicky_mini_pool_small, uniq_sigmund
D:6:      layout_basic, gammafunk_temple_overflow_claw, marbit_many_paths,
          minmay_shop_damaged, minmay_large_rounded_square
D:7:      layout_rooms, mainiacjoe_overflow_paths, minmay_temple_entry_tees,
          serial_park_tiny_pond, minmay_shattered_shrine
D:8:      layout_rooms, hex_intersection, nicolae_eternal_life
D:9:      layout_loops_corners, minmay_orc_entry_temple_small,
          hangedman_tell_no_tales
D:10:     layout_basic, lemuel_doored_altar, reono_crystal_passage,
          dreamdust_princess_corridor
D:11:     layout_rooms, erik_lair_island, serial_shops, shop,
          doesnt_xom_only_xom, uniq_josephine, uniq_maurice
D:12:     layout_cave_pools, portal_ice_cave_rime, serial_shops, shop,
          uniq_jorgrun
D:13:     minmay_the_grid_octo_2x2 [minmay_the_grid_octo_toaster,
          minmay_the_grid_octo_clover_2, minmay_the_grid_octo_focus,
          minmay_the_grid_octo_prize_star], layout_loops_ring,
          grunt_vaults_entry_tiered
D:14:     layout_loops_cross, minmay_misc_feat_alley, special_room
          [special_room_orc], minivault_27, nicolae_figureground_pulse,
          uniq_roxanne
D:15:     hangedman_depths_entry_try_elsewhere_first, layout_basic,
          okawaru_gym_becter, grunt_ministairs_10, nicolae_water_bricks,
          nicolae_qazlal_eye_of_the_storm, uniq_azrael, uniq_rupert
Temple:   nicolae_temple_x_marks_the_god
Lair:1:   layout_concentric_octagons, disabler_island, grunt_megastairs_5,
          infiniplex_staircase_pool_2, uniq_erica
Lair:2:   layout_gridlike
Lair:3:   layout_cellular_growth, minmay_shoals_entry_beasts, dummy_snake_entry,
          gauntlet_entry_generic, basic_altar, gammafunk_ghost_abyssal_escape,
          uniq_fannar
Lair:4:   layout_regular_city, slime_entry_1, gammafunk_ghost_split,
          infiniplex_staircase_pool
Lair:5:   cheibrodos_lair_end_hotspot, layout_concentric_octagons
Shoals:1: cheibrodos_shoals_baths, layout_shoals, nicolae_shoals_water_booths
Shoals:2: layout_shoals, ebering_ghost_rock_garden,
          nicolae_shoals_this_corrosion
Shoals:3: cheibrodos_shoals_gigantism, layout_shoals,
          nicolae_shoals_lost_giant_hut
Shoals:4: shoals_end_grunt_garden, layout_shoals
Snake:1:  layout_onion_interference, lemuel_fruit_tree
Snake:2:  layout_onion_interference, basic_altar, minmay_shop_star, uniq_kirke
Snake:3:  layout_layer_cave, serial_bayou_shore_a, nicolae_triple_integral,
          uniq_vashnia
Snake:4:  grunt_snake_rune_pools, layout_misc_corridors, minmay_shop_grove
Slime:1:  layout_caves, cheibrodos_slime_lost_civilization_4
Slime:2:  layout_caves
Slime:3:  layout_caves
Slime:4:  layout_caves
Slime:5:  slime_pit_nicolae_royal_road_to_ruin
Orc:1:    layout_caves, basic_altar, special_room [special_room_bee]
Orc:2:    grunt_orc_community_town_hall, layout_caves,
          grunt_orc_community_big_house_1, grunt_orc_community_big_house_2,
          grunt_orc_community_house_2, grunt_orc_community_house_2,
          grunt_orc_community_house_2, grunt_orc_community_house_2,
          grunt_orc_community_house_2, basic_altar, minmay_orc_temple_a,
          uniq_donald
Elf:1:    elf_arrival_002, layout_geoelf_grid, orc_legates
Elf:2:    nicolae_elf_blades_crystal_corner, layout_onion_city, serial_sigils,
          serial_sigils_hangedman_scar, serial_sigils_hangedman_confine,
          serial_sigils_hangedman_gnaw, serial_shops, nicolae_shop_peninsula,
          nicolae_shop_behind_doors, shop, shop, shop
Elf:3:    grunt_elf_hall_asides, layout_gridlike
Vaults:1: hangedman_vaults_stitches, nicolae_vaults_bisected_exclaves,
          hangedman_vaults_river_flow, nicolae_vaults_two_Ls, v_misc_24,
          nicolae_vaults_spaceships, v_misc_31, nicolae_vaults_tetromino_T_1,
          v_pattern_5, v_misc_16, grunt_vaults_diagonal, layout_vaults_ring,
          enter_trove_2, serial_shops, nicolae_shop_crystal, uniq_zenata
Vaults:2: v_alt_pattern_1, hangedman_vaults_nails, nicolae_vaults_prndl,
          vaults_room_stairs_pillars, v_pattern_3, vaults_mumra_lcd,
          nicolae_vaults_octothorpe, nicolae_vaults_weapon_check,
          nicolae_vaults_doubleplus_tesselated,
          nicolae_vaults_surprise_closet_hard, layout_vaults_quadrants,
          dummy_crypt_entry
Vaults:3: nicolae_vaults_tetromino_L_2, nicolae_vaults_good_morning_starshine,
          nicolae_vaults_variable_pillar_hall,
          nicolae_vaults_windows_and_doors_thing, hangedman_vaults_stagger,
          nicolae_vaults_closet_pinwheel_2, vaults_dpeg_doors,
          nicolae_vaults_storage_closets_1, hangedman_vaults_capsules,
          vaults_room_pool, nicolae_vaults_trapezoid_2,
          layout_vaults_maze_bifur, serial_shops, shop, uniq_jory, uniq_nikola
Vaults:4: v_misc_12, nicolae_vaults_big_ls, nicolae_vaults_c_with_doors,
          ontoclasm_vaults_ring_square, vaults_room_ringed_pool,
          hangedman_vaults_variations, nicolae_vaults_turnstiles,
          nicolae_vaults_tetromino_L_2, vaults_room_door_hall,
          nicolae_vaults_stepped_doors, nicolae_vaults_ring_of_whatevers,
          nicolae_vaults_little_squares_3, nicolae_vaults_house_2,
          layout_vaults_big_cross, uniq_margery
Vaults:5
Depths:1: layout_gridlike, enter_ziggurat_a, minmay_room_of_horrors, hell_entry,
          grunt_decor_one_mirror, hangedman_decor_slide_cut,
          nemelex_spade_bored_becter, uniq_sojobo
Depths:2: kennysheep_room_grid, layout_basic, hellmouth_3,
          rand_demon_pan_entry_9
Depths:3: hangedman_pleasuredromes, abyss_entry, hell_entry
Depths:4: grunt_bruiser_brothers, layout_cave_pools, pf_coc_iceberg,
          corexii_corridor_pit, serial_bayou_shore_b, serial_bayou_shore_b,
          uniq_grunn
Hell
Zot:1:    lemuel_draconian_sentries, layout_onion, ebering_ghost_reflecting_pool

Skill      XL: |  1  2  3  4  5  6  7  8  9 10 11 12 13 14 15 16 17 18 19 20 21 22 23 24 25 26 |
---------------+-------------------------------------------------------------------------------+-----
Unarmed Combat | 4 5 6 7 9 10 12 13 14 15 16 17 18 19 20 | 20.5
Fighting       | 2 3 4 5 7 8 10 11 12 13 14 15 16 17 18 19 | 19.2
Shapeshifting  | 4 5 7 8 9 10 11 12 14 17 18 19 | 19.3
Evocations     | 1 3 4 6 8 9 10 12 13 15 16 17 | 17.9
Dodging        | 3 6 7 8 9 10 12 13 14 | 14.5
Spellcasting   | 1 4 5 6 8 9 10 11 | 11.9
Hexes          | 4 |  4.6
Stealth        | 5 9 10 | 10.0
Translocations | 4 6 8 |  8.3
Air Magic      | 4 6 8 |  8.3
Transmutations | 1 5 |  5.7
Shields        | 6 10 12 15 18 19 20 | 20.9

Action                     |  1- 3 |  4- 6 |  7- 9 | 10-12 | 13-15 | 16-18 | 19-21 | 22-24 | 25-27 || total
---------------------------+-------+-------+-------+-------+-------+-------+-------+-------+-------++-------
  Melee: Unarmed           |    49 |   114 |   218 |   573 |   868 |   749 |  1126 |  1176 |   870 ||  5743
         Tentacles         |     8 |    19 |    52 |   187 |   178 |   103 |   281 |   299 |   212 ||  1339
         Constrict         |     9 |    25 |    54 |   107 |   137 |    54 |   166 |   140 |   103 ||   795
         Punch             |       |     1 |     2 |     1 |    75 |    56 |   141 |   175 |   130 ||   581
         Maw               |       |       |       |       |   202 |       |       |       |       ||   202
         Tailslap          |       |       |       |       |    11 |    42 |     4 |     1 |       ||    58
         Bite              |       |       |       |       |     6 |    40 |     5 |       |       ||    51
  Throw: Dart              |       |       |       |       |     1 |       |       |       |       ||     1
   Cast: Jinxbite          |       |       |       |     4 |     1 |       |       |       |       ||     5
         Wereblood         |       |       |       |       |       |     2 |    13 |    12 |    15 ||    42
         Vhi's Electric Ch |       |       |       |       |       |       |     5 |    42 |    47 ||    94
 Invoke: Heavenly Storm    |       |       |       |       |     2 |     6 |     1 |     3 |     2 ||    14
         Serpent's Lash    |       |       |       |       |     1 |     1 |     4 |     2 |       ||     8
Ability: Lunge             |       |       |     5 |    42 |    89 |    98 |   107 |    88 |    45 ||   474
         Whirlwind         |       |       |       |    77 |   250 |   254 |   331 |   476 |   241 ||  1629
         Wall Jump         |       |       |       |       |     1 |     1 |       |     1 |     1 ||     4
         Breathe Fire      |       |       |       |       |       |     1 |       |       |       ||     1
         Siphon Essence    |       |       |       |       |       |       |       |       |     1 ||     1
  Evoke: Wand              |       |       |     9 |     8 |     6 |     1 |     2 |       |     3 ||    29
         Phial of floods   |       |       |       |       |       |     1 |       |       |       ||     1
         Condenser vane    |       |       |       |       |       |       |       |     1 |     2 ||     3
         Lightning rod     |       |       |       |       |       |       |       |       |     5 ||     5
    Use: Scroll            |     2 |     3 |     5 |    11 |     4 |     7 |     6 |     9 |     2 ||    49
         Potion            |       |       |     3 |     7 |     3 |     3 |     3 |     8 |     2 ||    29
   Stab: Sleeping          |     5 |     6 |     5 |     1 |    34 |    12 |    13 |     7 |     1 ||    84
         Paralysed         |       |       |    20 |     3 |       |       |       |       |       ||    23
         Distracted        |       |       |     1 |       |     6 |    11 |     7 |     4 |     2 ||    31
 Armour: Skin              |    17 |    49 |    78 |   249 |   232 |   528 |   629 |   387 |   430 ||  2599
  Dodge: Dodged            |    24 |    39 |    78 |   240 |   380 |   688 |   569 |   384 |   475 ||  2877
  Block: Other             |       |       |     8 |    69 |    73 |    60 |     4 |     1 |       ||   215
         Reflection        |       |       |     4 |     5 |     2 |     6 |   235 |    95 |    10 ||   357
         Tower shield      |       |       |       |       |    10 |       |       |       |       ||    10
         Kite shield       |       |       |       |       |       |       |  1494 |  1238 |  1214 ||  3946
   Form: Flux              |       |       |     1 |       |     1 |       |       |       |       ||     2
         Maw               |       |       |       |       |     2 |       |       |       |       ||     2
         Blade             |       |       |       |       |     1 |       |       |       |       ||     1
         Beast             |       |       |       |       |     1 |       |       |       |       ||     1
         Dragon            |       |       |       |       |     1 |     3 |     2 |     2 |       ||     8
         Statue            |       |       |       |       |       |     2 |     3 |     2 |     1 ||     8
                           |       |       |       |       |       |     1 |       |       |       ||     1
         Death             |       |       |       |       |       |       |       |       |     2 ||     2

Table legend: (Time is in decaauts)
 A = Elapsed time spent in this place.
 B = Non-inter-level travel time spent in this place.
 C = Inter-level travel time spent in this place.
 D = Time resting spent in this place.
 E = Time spent auto-exploring this place.
 F = Levels seen in this place.
 G = Mean time per level.
                   A        B        C        D        E       F      G
               +--------+--------+--------+--------+--------+-----+--------+
         Total |  66199 |  60402 |   5797 |   6722 |  40881 |  54 | 1225.9 |
       Dungeon |  16823 |  15212 |   1611 |   1759 |  10682 |  15 | 1121.5 |
        Temple |     20 |      2 |     18 |      0 |      0 |   1 |   20.0 |
          Lair |   7651 |   6630 |   1021 |   1149 |   4388 |   5 | 1530.2 |
        Shoals |   7321 |   6935 |    386 |   1619 |   4062 |   4 | 1830.2 |
     Snake Pit |   6222 |   5824 |    398 |    672 |   4031 |   4 | 1555.5 |
    Slime Pits |   1326 |   1249 |     77 |    304 |    217 |   5 |  265.2 |
  Orcish Mines |   1458 |   1084 |    374 |      0 |    754 |   2 |  729.0 |
   Elven Halls |   4882 |   4504 |    378 |      0 |   3607 |   3 | 1627.3 |
        Vaults |  10408 |   9389 |   1019 |    150 |   7337 |   5 | 2081.6 |
        Depths |   6864 |   6366 |    498 |    339 |   4469 |   4 | 1716.0 |
          Hell |   1349 |   1336 |     13 |    312 |    725 |   1 | 1349.0 |
           Zot |    174 |    174 |      0 |      0 |     76 |   1 |  174.0 |
         Abyss |    271 |    271 |      0 |      0 |      0 |   1 |  271.0 |
         Trove |     70 |     70 |      0 |      0 |      0 |   1 |   70.0 |
      Ice Cave |    484 |    484 |      0 |      0 |    368 |   1 |  484.0 |
      Gauntlet |    868 |    868 |      0 |    416 |    161 |   1 |  868.0 |
               +--------+--------+--------+--------+--------+-----+--------+

Top non-repeatable levels by time:
Shoals:3: 2830 daAuts
  Lair:3: 2354 daAuts
Vaults:4: 2251 daAuts
Vaults:1: 2247 daAuts
Vaults:3: 2207 daAuts
 Snake:3: 2188 daAuts
Depths:2: 2065 daAuts
Vaults:5: 1983 daAuts
Shoals:1: 1839 daAuts
    D:10: 1779 daAuts
 Snake:4: 1742 daAuts
   Elf:3: 1739 daAuts
     D:9: 1733 daAuts
Depths:1: 1724 daAuts
Vaults:2: 1717 daAuts
